 Dungeon Crawl Stone Soup version 0.17-a0-1617-gfba1302 (webtiles) character file.

62 thrall606 the Stinger (level 3, -1/25 HPs)
             Began as a Demonspawn Venom Mage on Aug 1, 2015.
             Was an Initiate of Yredelemnul.
             Killed by nerve-wracking pain
             ... invoked by an orc priest
              (6 damage)
             ... on level 3 of the Dungeon.
             The game lasted 00:16:20 (1640 turns).

thrall606 the Stinger (Demonspawn Venom Mage)       Turns: 1640, Time: 00:16:21

Health: -1/25      AC: 11    Str:  9      XL:     3   Next: 85%
Magic:  3/6        EV: 10    Int: 15 (18) God:    Yredelemnul [......]
Gold:   139        SH:  0    Dex: 13      Spells: 3 memorised, 0 levels left

rFire  . . .     SeeInvis .     c - +0 flail
rCold  . . .     Clarity  .     j - +0 ring mail
rNeg   . . .     SustAt   .     (no shield)
rPois  .         Gourm    .     (no helmet)
rElec  .         Spirit   .     d - +2 cloak
rCorr  .         Warding  .     n - +2 pair of gloves
rMut   .         Stasis   .     (no boots)
MR     .....                    (no amulet)
Stlth  ..........               (no ring)
                                v - ring of loudness (curse)

@: very slightly contaminated, not resistant to hostile enchantments, extremely
unstealthy
A: hooves 1, clever 1, sense surroundings 1, regeneration 1
a: Renounce Religion


You were on level 3 of the Dungeon.
You worshipped Yredelemnul.
Yredelemnul was noncommittal.
You were not hungry.

You visited 1 branch of the dungeon, and saw 3 of its levels.

You collected 139 gold pieces.

Inventory:

Hand weapons
 c - a +0 flail (weapon)
 e - a +0 whip
 f - a +0 club
 l - a +1 mace
Missiles
 i - 5 javelins (quivered)
Armour
 a - a +0 robe
 d - a +2 cloak (worn)
 g - a +0 cloak
 j - a +0 ring mail (worn)
 n - a +2 pair of gloves (worn)
Jewellery
 v - a cursed ring of loudness (left hand)
Magical devices
 m - a wand of confusion (13)
Scrolls
 q - a scroll of magic mapping
 t - 2 scrolls of amnesia
Potions
 h - a potion of invisibility
 p - a potion of ambrosia
 r - a potion of degeneration
Books
 b - a Young Poisoner's Handbook

   Spells                             Type                      Level
   a - Sting                          Conjuration/Poison           1
   b - Cure Poison                    Poison                       2
   c - Mephitic Cloud                 Conjuration/Poison/Air       3
   d - Olgreb's Toxic Radiance        Poison                       4
   e - Venom Bolt                     Conjuration/Poison           5
Comestibles
 k - a meat ration
 o - a bread ration
 u - 6 chunks of flesh


   Skills:
 + Level 0.6 Fighting
 + Level 0.5 Maces & Flails
 + Level 0.6 Armour
 + Level 2.4 Dodging
 + Level 1.7 Stealth
 + Level 2.2 Spellcasting
 + Level 0.4 Conjurations
 + Level 4.5 Poison Magic


You couldn't memorise any spells.
You knew the following spells:

 Your Spells              Type           Power        Failure   Level  Hunger
a - Sting                 Conj/Pois      #...         21%         1    #......
b - Cure Poison           Pois           ###.......   14%         2    ###....
c - Mephitic Cloud        Conj/Pois/Air  #.......     88%         3    ###....


Dungeon Overview and Level Annotations

Branches:
Dungeon (3/15)

Altars:
Yredelemnul


Innate Abilities, Weirdness & Mutations

You have large cloven feet.
Your mind is acute. (Int +2)
You passively map a small area around you.
Your natural rate of healing is unusually fast.


Message History

The orc priest hits you but does no damage.
The orc hits you but does no damage.
The orc wizard casts a spell.
The orc wizard blinks!
You hit the orc but do no damage. Your kick misses the orc.
The orc is almost dead.
The orc priest barely misses you. The orc closely misses you.
The orc priest hits you but does no damage.
You hit the orc but do no damage.
The orc is almost dead.
The orc hits you with a flail. The orc priest hits you with a club.
* * * LOW HITPOINT WARNING * * *
Your ring mail prevents you from hitting the orc.
You kick the orc, but do no damage.
The orc is almost dead.
The orc barely misses you.
The orc priest mumbles some strange prayers to Beogh against you.
Pain shoots through your body!
You die...
Your body rises from the dead as a mindless zombie.

* * * * .## *#.#*
** * #..# # *#....
#.#.#.* *.....,
#.##.# .... #.##.#
..#
###.##.#####..###
#@oh...##.......#
#o#.##.##.......##
#o#...............
#o###...#.........
#o# #.#.#.......##
#.# #.#.#.........
#.# #.#.#.......##
#.# #.............
* **#.#
###.#>##...###


You could see a hound, 2 orc priests, an orc wizard and 2 orcs.

Vanquished Creatures
  3 adders
  A worm (D:2)
  A giant gecko (D:1)
  3 orcs (D:3)
  5 bats
  A giant cockroach (D:3)
  2 goblins
  A hobgoblin (D:1)
  3 jackals (D:3)
  4 giant newts
  2 kobolds
  A quokka (D:2)
  6 rats
33 creatures vanquished.

Notes
Turn   | Place    | Note
--------------------------------------------------------------
     0 | D:1      | thrall606 the Demonspawn Venom Mage began the quest for the Orb.
     0 | D:1      | Reached XP level 1. HP: 13/13 MP: 3/3
   176 | D:1      | Gained mutation: You have large cloven feet. [demonic ancestry]
   176 | D:1      | Reached XP level 2. HP: 13/19 MP: 1/5
   499 | D:1      | Gained mutation: Your natural rate of healing is unusually fast. [potion of mutation]
   499 | D:1      | Gained mutation: Your mind is acute. (Int +2) [potion of mutation]
   499 | D:1      | Gained mutation: You passively map a small area around you. [potion of mutation]
  1133 | D:2      | Reached XP level 3. HP: 16/24 MP: 3/6
  1221 | D:2      | Found a basalt altar of Yredelemnul.
  1271 | D:2      | Became a worshipper of Yredelemnul the Dark
  1587 | D:3      | Learned a level 2 spell: Cure Poison
  1591 | D:3      | Learned a level 3 spell: Mephitic Cloud
  1640 | D:3      | Killed from afar by an orc priest

Vault maps used:
D:1:      wheals_arrival_shading
D:2:      lemuel_doored_altar
D:3:      minmay_misc_feat_encased

Action                   || total
-------------------------++-------
Melee: Whip              ||     9
       Club              ||    13
       Unarmed           ||     5
       Mace              ||    78
       Flail             ||    11
 Cast: Sting             ||    30
  Use: Potion            ||     9
       Scroll            ||    12
 Stab: Sleeping          ||     1
  Eat: Bread ration      ||     1
